 Dungeon Crawl Stone Soup version 0.19.4-10-g532645f (webtiles) character file.

585 HeyBub the Chopper (level 7, -3/57 HPs)
             Began as a Minotaur Gladiator on Feb 25, 2017.
             Killed by nerve-wracking pain
             ... invoked by Menkaure
              (8 damage)
             ... on level 5 of the Dungeon.
             The game lasted 00:05:32 (3023 turns).

HeyBub the Chopper (Minotaur Gladiator)             Turns: 3023, Time: 00:05:33

Health: -3/57      AC:  4    Str: 20    XL:     7   Next: 14%
Magic:  6/6        EV: 11    Int:  5    God:
Gold:   244        SH:  9    Dex: 12    Spells: 0 memorised, 6 levels left

rFire  x . .     SeeInvis .     a - +1 war axe
rCold  + . .     Gourm    .     A - +0 troll leather armour {Purgy}
rNeg   . . .     Faith    .     o - +0 shield
rPois  .         Spirit   .     c - +0 hat
rElec  .         Reflect  .     (no cloak)
rCorr  .         Harm     .     (no gloves)
MR     .....                    (no boots)
Stlth  +.........               (no amulet)
                                (no ring)
                                l - ring of ice

@: no status effects
A: retaliatory headbutt, horns 2
a: no special abilities


You were on level 5 of the Dungeon.
You were not hungry.

You visited 1 branch of the dungeon, and saw 5 of its levels.
You also visited: Sewer.

You collected 244 gold pieces.

Inventory:

Hand Weapons
 a - a +1 war axe (weapon)
Missiles
 d - 3 throwing nets (quivered)
 B - 2 poisoned tomahawks
Armour
 b - a +0 leather armour
 c - a +0 hat (worn)
 o - a +0 shield (worn)
 A - a +0 troll leather armour (worn) {Purgy}
Jewellery
 l - a ring of ice (left hand)
Wands
 z - a wand of disintegration (19/24)
Scrolls
 e - a scroll of recharging
 g - 5 scrolls of remove curse
 j - 2 scrolls of enchant weapon
 s - a scroll of teleportation
 u - a scroll of random uselessness {unknown}
 x - 2 scrolls of identify
 y - a scroll of fear {unknown}
 D - a scroll of enchant armour {unknown}
Potions
 h - 2 potions of brilliance {unknown}
 i - a potion of magic {unknown}
 m - 2 potions of haste {unknown}
 n - 2 potions of curing {unknown}
 p - 2 potions of might {unknown}
 q - a potion of flight {unknown}
 r - 4 potions of heal wounds
 v - a potion of berserk rage {unknown}
 w - a potion of degeneration {unknown}
 C - 3 potions of agility {unknown}
 E - a potion of resistance {unknown}
Comestibles
 f - 7 bread rations
 k - 10 fruits
 t - 3 meat rations


   Skills:
 + Level 3.4 Fighting
 + Level 7.1 Axes
 + Level 2.3 Throwing
 + Level 3.4 Armour
 + Level 4.6 Dodging
 + Level 0.6 Stealth
 + Level 2.6 Shields


You had 6 spell levels left.
You didn't know any spells.

Dungeon Overview and Level Annotations

Branches:
Dungeon (5/15)
 Temple: D:4-7

Altars:
Cheibriados
Elyvilon
Yredelemnul

Annotations:
D:5 Menkaure; rozman's ghost, novice TrHu


Innate Abilities, Weirdness & Mutations

You reflexively headbutt those who attack you in melee.
You have a pair of horns on your head.


Message History

The giant cockroach zombie barely misses you.
You block Menkaure's attack. Menkaure hits you!!
* * * LOW HITPOINT WARNING * * *
You completely miss Menkaure. You slash the giant cockroach zombie!
You destroy the giant cockroach zombie!
Menkaure closely misses you. You furiously retaliate!
You headbutt Menkaure.
Your shield prevents you from hitting Menkaure.
Menkaure is moderately damaged.
Menkaure calls on the powers of darkness!
Your body is wracked with pain!
* * * LOW HITPOINT WARNING * * *
You block the bullfrog skeleton's attack.
You hit Menkaure but do no damage. You headbutt Menkaure!
Menkaure is heavily damaged.
You slash the bullfrog skeleton! Menkaure barely misses you.
The bullfrog skeleton hits you.
* * * LOW HITPOINT WARNING * * *
Menkaure gestures at you while chanting.
Pain shoots through your body!
You die...

##############
......M@ZW..[#####
###########......#
#......#
#......#####.
#............
#.....%......
#............
...............
................


You could see Menkaure, rozman's ghost and a bullfrog skeleton.

Vanquished Creatures
  Purgy (Sewer)
  A phantom (D:4)
  A centaur (D:5)
  Jessica (D:2)
  An iguana (D:4)
  Natasha (thrice) (D:2)
  A worker ant (D:4)
  A hound skeleton (D:4)
  A howler monkey skeleton (D:4)
  7 adders
  2 worms
  A dart slug (D:1)
  2 orcs
  8 giant cockroaches
  10 goblins
  6 hobgoblins
  5 jackals
  12 kobolds
  2 quokkas (D:3)
  6 bats
  7 frilled lizards
  A giant cockroach zombie (D:5)
  3 rats (D:3)
  A plant (D:4)
84 creatures vanquished.

Notes
Turn   | Place    | Note
-------+----------+-------------------------------------------
     0 | D:1      | HeyBub the Minotaur Gladiator began the quest for the Orb.
     0 | D:1      | Reached XP level 1. HP: 18/18 MP: 0/0
   153 | D:1      | Reached skill level 4 in Axes
   153 | D:1      | Reached XP level 2. HP: 25/25 MP: 1/1
   369 | D:2      | Noticed Jessica
   371 | D:2      | Killed Jessica
   371 | D:2      | Reached XP level 3. HP: 30/30 MP: 2/2
   430 | D:2      | Noticed Natasha
   442 | D:2      | HP: 1/30 [Natasha (6)]
   443 | D:2      | Killed Natasha
   443 | D:2      | Reached skill level 5 in Axes
   443 | D:2      | Reached skill level 1 in Armour
   443 | D:2      | Reached XP level 4. HP: 1/37 MP: 3/3
   537 | D:2      | Noticed Natasha
   830 | D:2      | Killed Natasha
   866 | D:2      | Noticed Natasha
   874 | D:2      | Killed Natasha
  1069 | D:2      | Reached XP level 5. HP: 33/45 MP: 4/4
  1289 | D:3      | Found a glowing drain.
  1324 | Sewer    | Entered a sewer
  1626 | Sewer    | Noticed Purgy
  1634 | Sewer    | Killed Purgy
  1634 | Sewer    | Reached skill level 6 in Axes
  1634 | Sewer    | Reached XP level 6. HP: 27/51 MP: 5/5
  1787 | D:3      | Reached skill level 1 in Shields
  2453 | D:4      | Found a white marble altar of Elyvilon.
  2547 | D:4      | Found a snail-covered altar of Cheibriados.
  2804 | D:4      | Found a basalt altar of Yredelemnul.
  2983 | D:5      | Entered Level 5 of the Dungeon
  3004 | D:5      | Reached skill level 7 in Axes
  3004 | D:5      | Reached XP level 7. HP: 46/57 MP: 6/6
  3012 | D:5      | Noticed rozman's ghost (novice TrHu)
  3016 | D:5      | Noticed Menkaure
  3023 | D:5      | Killed from afar by Menkaure

Skill      XL: |  1  2  3  4  5  6 |
---------------+-------------------+-----
Axes           | 4 5 6 7 |  7.1
Armour         | 1 2 3 |  3.4
Fighting       | 3 |  3.4
Dodging        | 4 |  4.6
Shields        | 2 |  2.6
Throwing       | |  2.3
Stealth        | |  0.6

Action                   |  1- 3 |  4- 6 |  7- 9 || total
-------------------------+-------+-------+-------++-------
Melee: War axe           |    42 |   180 |     3 ||   225
       Headbutt          |     5 |    22 |     1 ||    28
Throw: Throwing net      |       |     3 |       ||     3
       Tomahawk          |       |     2 |       ||     2
  Use: Scroll            |       |       |     6 ||     6
 Stab: Sleeping          |       |     1 |       ||     1
  Eat: Bread ration      |       |     2 |       ||     2
Armor: Leather armour    |    14 |    17 |       ||    31
       Troll leather arm |       |    14 |     1 ||    15
Dodge: Dodged            |    22 |    69 |     3 ||    94
Block: Shield            |     9 |    85 |     3 ||    97
